 Dungeon Crawl Stone Soup version 0.29.0-11-gd7f09526c8 (webtiles) character file.

Game seed: 8388633470179940710

106 RascalDebosk the Trooper (level 4, -2/40 HPs)
             Began as a Minotaur Berserker on Sept 5, 2022.
             Was a Believer of Trog.
             Slain by a crimson imp (3 damage)
             ... summoned by Natasha
             ... on level 2 of the Dungeon.
             The game lasted 00:12:44 (2280 turns).

RascalDebosk the Trooper (Minotaur Berserker)       Turns: 2280, Time: 00:12:44

Health: -2/40      AC:  2    Str: 23    XL:     4   Next: 55%
Magic:  3/3        EV: 12    Int:  4    God:    Trog [**....]
Gold:   91         SH:  0    Dex: 10    Spells: 3/3 levels left

rFire   + . .      SeeInvis .   a - +0 hand axe
rCold   . . .      Faith    .   (no shield)
rNeg    . . .      Spirit   .   b - +0 animal skin
rPois   .          Reflect  .   (helmet restricted)
rElec   .          Harm     .   (no cloak)
rCorr   .          Rampage  .   (no gloves)
Will    .....                   (no boots)
Stlth   +.........              (no amulet)
HPRegen 0.13/turn               e - ring of protection from fire
MPRegen 0.08/turn               (no ring)

@: no status effects
A: horns 2, retaliatory headbutt
a: Renounce Religion, Berserk, Trog's Hand


You were on level 2 of the Dungeon.
You worshipped Trog.
Trog was pleased with you.
You visited 1 branch of the dungeon, and saw 2 of its levels.

You collected 91 gold pieces.

Inventory:

Hand Weapons
 a - a +0 hand axe (weapon)
 g - a +2 short sword of flaming
Armour
 b - a +0 animal skin (worn)
Jewellery
 e - a ring of protection from fire (left hand)
Scrolls
 d - a scroll of magic mapping {unknown}
 f - a scroll of fear {unknown}
 h - a scroll of enchant weapon {unknown}
 i - 2 scrolls of summoning {unknown}
 j - 2 scrolls of identify {unknown}
 k - 2 scrolls of immolation {unknown}
 l - a scroll of poison {unknown}
Potions
 c - a potion of invisibility {unknown}
 m - a potion of degeneration {unknown}
 n - a potion of lignification {unknown}
 o - a potion of attraction {unknown}


   Skills:
 + Level 4.2 Fighting
 + Level 4.1 Axes
 + Level 1.5 Throwing
 + Level 3.2 Armour
 + Level 2.9 Dodging
 + Level 1.3 Evocations


You had 3 spell levels left.
You didn't know any spells.
Your spell library was empty.

Dungeon Overview and Level Annotations

Branches:
Dungeon (2/15)

Altars:

Annotations:
D:2 Natasha


Innate Abilities, Weirdness & Mutations

You have a pair of horns on your head.
You reflexively headbutt those who attack you in melee.


Message History

You hit the crimson imp but do no damage.
The crimson imp hits you. The crimson imp completely misses you.
You furiously retaliate!
You headbutt the crimson imp. You hit the crimson imp.
The crimson imp is almost dead.
You completely miss the crimson imp. The crimson imp hits you. x2
You miss the crimson imp.
The crimson imp is almost dead.
You closely miss the crimson imp.
The crimson imp blinks!
The crimson imp hits you.
Natasha stares at you and mumbles some strange words.
The magic dart hits you!
The white imp disappears in a puff of smoke!
The crimson imp closely misses you. Natasha claws you.
You closely miss Natasha. You barely miss the crimson imp.
The crimson imp blinks!
Natasha stares at you and mumbles some strange words.
You resist with some effort.
You closely miss Natasha. Natasha claws you.
* * * LOW HITPOINT WARNING * * *
You barely miss Natasha. You headbutt Natasha, but do no damage.
Natasha barely misses you. The crimson imp barely misses you.
You furiously retaliate!
You headbutt the crimson imp, but do no damage.
You hit Natasha.
Natasha is moderately wounded.
You hit the crimson imp but do no damage.
Natasha claws you but does no damage. The crimson imp hits you.
* * * LOW HITPOINT WARNING * * *
You barely miss Natasha.
Natasha is moderately wounded.
You closely miss the crimson imp. Natasha claws you!
* * * LOW HITPOINT WARNING * * *
The crimson imp hits you.
* * * LOW HITPOINT WARNING * * *
You closely miss Natasha.
Natasha is moderately wounded.
You barely miss the crimson imp. Natasha closely misses you.
The crimson imp hits you.
You die...

# #.# #.# #.# # #.# #.#
#.########### # # #.# #.#
#...........### # ##.####.#
#######.###.##.
####.......#######
#...###....
................)#
#.#....)##.
##.....###.#####5#
#.#.<...### #.......#..# #h#
##.#......<. ...........#
#@#####..#........
###...###..#
#5.............###
#...####.#####.<####.########
#.#.[................#
#.#####.##......###### #.#
#.###.##.## #.# #.# #.##.#
#.#####.###.##.#
#...........##.#


You could see Natasha and 2 crimson imps.

Vanquished Creatures
  Natasha (twice) (D:2)
  A dart slug (D:1)
  5 bats
  6 endoplasms
  3 giant cockroaches (D:1)
  4 goblins
  3 hobgoblins
  10 jackals
  A quokka (D:1)
  7 ball pythons
  A frilled lizard (D:1)
  3 kobolds (D:1)
  4 rats
50 creatures vanquished.

Notes
Turn   | Place    | Note
-------+----------+-------------------------------------------
     0 | D:1      | RascalDebosk the Minotaur Berserker began the quest for the
                  | Orb.
     0 | D:1      | Reached XP level 1. HP: 19/19 MP: 0/0
    93 | D:1      | Found a faded altar of an unknown god.
   113 | D:1      | Reached XP level 2. HP: 22/27 MP: 1/1
   673 | D:1      | Reached skill level 1 in Throwing
   674 | D:1      | Reached ** piety under Trog
   681 | D:1      | Reached XP level 3. HP: 28/33 MP: 2/2
  1396 | D:2      | Reached skill level 1 in Evocations
  1707 | D:2      | Noticed Natasha
  1715 | D:2      | Killed Natasha
  1716 | D:2      | Reached XP level 4. HP: 23/40 MP: 3/3
  2062 | D:2      | Noticed Natasha
  2074 | D:2      | Killed Natasha
  2260 | D:2      | Noticed Natasha
  2279 | D:2      | HP: 2/40 [Natasha (7)]
  2280 | D:2      | Slain by a crimson imp

Illustrated notes

Levels and vault maps discovered:
D:1:      lemuel_arrival_hallway, layout_basic,
          hellmonk_ecumenical_altar_crossroads, minmay_octomino_e4
D:2:      layout_loops_ring, chequers_serial_rivers_small_a, uniq_natasha

Skill      XL: |  1  2  3 |
---------------+----------+-----
Throwing       | 1 |  1.5
Fighting       | 4 |  4.2
Evocations     | 1 |  1.3
Axes           | 4 |  4.1
Armour         | 3 |  3.2
Dodging        | |  2.9

Action                   |  1- 3 |  4- 6 || total
-------------------------+-------+-------++-------
Melee: Hand axe          |   111 |    25 ||   136
       Headbutt          |    13 |     3 ||    16
Armor: Animal skin       |    23 |     5 ||    28
Dodge: Dodged            |    91 |    15 ||   106
